 Dungeon Crawl Stone Soup version 0.28.0-45-g0d030f2227 (webtiles) character file.

Game seed: 13743892334632870359

712 101zpm the Magician (level 8, -3/51 HPs)
             Began as a Djinni Ice Elementalist on Apr 12, 2022.
             Slain by a hornet zombie (7 damage)
             ... on level 5 of the Dungeon.
             The game lasted 00:17:04 (6580 turns).

101zpm the Magician (Djinni Ice Elementalist)       Turns: 6580, Time: 00:17:05

Health: -3/51      AC:  3    Str: 12    XL:     8   Next: 0%
Gold:   144        EV: 13    Int: 19    God:
                   SH:  0    Dex: 14

rFire   + . .      SeeInvis .   m - +2 flail "Killer Bee's Curse" {speed, rF- Str+5}
rCold   x . .      Faith    .   (no shield)
rNeg    . . .      Spirit   .   a - +0 robe
rPois   ∞          Reflect  .   (no helmet)
rElec   .          Harm     .   u - +0 cloak
rCorr   .          Rampage  .   (no gloves)
Will    .....                   (boots unavailable)
Stlth   ++........              (no amulet)
HPRegen 0.17/turn               (no ring)
MPRegen 0.00/turn               (no ring)

@: flying
A: sickness immunity, fire resistance 2, cold vulnerability 1, float, innate
caster, HP casting, extra vitality 1
a: no special abilities


You were on level 5 of the Dungeon.
You visited 1 branch of the dungeon, and saw 5 of its levels.

You collected 144 gold pieces.

Inventory:

Hand Weapons
 i - a +2 vampiric dagger
 m - the +2 flail "Killer Bee's Curse" (weapon) {speed, rF- Str+5}
   (You found it on level 3 of the Dungeon)

   Attacks with this weapon are significantly faster.
   Str:       It affects your strength (+5).
   rF:        It makes you vulnerable to fire.
Missiles
 p - 5 poisoned darts
 r - 51 stones
 s - 12 bolts
 t - 3 datura-tipped darts
Armour
 a - a +0 robe (worn)
 u - a +0 cloak (worn)
 y - the +7 Kryia's mail coat {PotionHeal*2 rC+}
   (You found it on level 5 of the Dungeon)

   Potions are twice as effective at healing its wearer.
   rC:        It protects you from cold.
Jewellery
 e - a ring of ice
 x - an amulet of faith
Wands
 B - a wand of iceblast (10)
Scrolls
 b - a scroll of blinking {unknown}
 c - a scroll of fog {unknown}
 d - 2 scrolls of magic mapping {unknown}
 h - 4 scrolls of identify {unknown}
 j - a scroll of enchant armour {unknown}
 k - 2 scrolls of brand weapon {unknown}
 n - a scroll of noise {unknown}
 q - a scroll of immolation {unknown}
 w - a scroll of enchant weapon {unknown}
Potions
 f - 2 potions of haste {unknown}
 g - a potion of brilliance {unknown}
 l - a potion of experience {unknown}
 o - a potion of heal wounds {unknown}
 v - a potion of curing {unknown}
 z - a potion of resistance {unknown}
 A - 3 potions of attraction {unknown}


   Skills:
 + Level 0.8 Fighting
 + Level 0.2 Short Blades
 + Level 1.4 Maces & Flails
 + Level 2.9 Dodging
 + Level 3.0 Stealth
 + Level 6.3 Spellcasting


You had 2 spell levels left.
You knew the following spells:

 Your Spells              Type           Power      Damage    Failure   Level
a - Freeze                Ice            100%       1d11      1%          1
b - Frozen Ramparts       Ice            60%        1d8       2%          3
c - Ozocubu's Armour      Ice            30%        N/A       2%          3
d - Hailstorm             Conj/Ice       30%        3d8       9%          4
e - Shock                 Conj/Air       100%       1d9       1%          1
f - Scorch                Fire           60%        2d8       1%          2
g - Vampiric Draining     Necr           30%        2d8       2%          3
Your spell library was empty.

Dungeon Overview and Level Annotations

Branches:
Dungeon (5/15)
 Temple: D:4-7

Altars:
Hepliaklqana
Xom

Annotations:
D:3 1 runed translucent door, Crazy Yiuf
D:4 Grinder, Pikel


Innate Abilities, Weirdness & Mutations

You are immune to sickness and miasma.
You are immune to poison.
Your flesh is very heat resistant. (rF++)
You are vulnerable to cold. (rC-)
You float through the air rather than walking.
You learn spells naturally, not from books.
Your magical power is your life essence.
You have superior vitality. (+4 MHP)


Message History

Confirm with . or Enter, or press ? or * to list all spells.
Flames lash the necrophage.
The necrophage is burned terribly!
The necrophage is almost destroyed.
The hornet zombie completely resists.
The wall freezes the hornet zombie but does no damage.
The hornet zombie closely misses you.
Casting: Scorch (safe; 1% risk of failure)
Confirm with . or Enter, or press ? or * to list all spells.
Flames lash the necrophage.
The necrophage is burned terribly!
You destroy the necrophage!
The hornet zombie completely resists.
The wall freezes the hornet zombie but does no damage.
The hornet zombie hits you!
Your Stealth skill increases to level 3!
You have reached level 8!
You feel clever.
Casting: Scorch (safe; 1% risk of failure)
Confirm with . or Enter, or press ? or * to list all spells.
Flames lash the hornet zombie.
The hornet zombie is heavily damaged.
The hornet zombie's fire resistance burns away.
The hornet zombie completely resists.
The wall freezes the hornet zombie but does no damage.
The hornet zombie barely misses you.
The hornet zombie completely resists.
The wall freezes the hornet zombie but does no damage.
The hornet zombie hits you!
* * * LOW HITPOINT WARNING * * *
Your frozen ramparts will break if you move.
Continue?
The frozen ramparts melt away as you move.
The hornet zombie hits you but does no damage.
The hornet zombie misses you.
Casting: Scorch (safe; 1% risk of failure)
Confirm with . or Enter, or press ? or * to list all spells.
Okay, then.
The hornet zombie hits you.
* * * LOW HITPOINT WARNING * * *
The hornet zombie misses you. The hornet zombie misses you.
The hornet zombie hits you!
You die...

..........
##..#
..........
##.########
..........
#........#
.........#
####..#######
.........#
#........#
.........#
#.#.#.###...
.... ##.#.##
. #.###.#
##.#@## #.#Z#
##.#.##
#.###.#
##.#.## #.#.#
##.#.##
#.###.#
##.#.##


You could see a hornet zombie.

Vanquished Creatures
  A necrophage (D:5)
  3 ogres
  3 lemures
  A bullfrog (D:4)
  A centaur zombie (D:3)
  An orc priest (D:3)
  A hound (D:4)
  An orc wizard (D:3)
  2 iguanas (D:5)
  3 river rats (D:3)
  4 adders
  3 worms
  3 dart slugs
  4 orcs (D:3)
  6 ball pythons
  8 endoplasms
  3 giant cockroaches
  5 goblins
  7 hobgoblins
  3 jackals (D:2)
  6 quokkas
  6 bats
  2 frilled lizards
  5 kobolds
  10 rats
92 creatures vanquished.

Vanquished Creatures (others)
  4 fungi (D:2)
  4 plants
8 creatures vanquished.

Grand Total: 100 creatures vanquished

Notes
Turn   | Place    | Note
-------+----------+-------------------------------------------
     0 | D:1      | 101zpm the Djinni Ice Elementalist began the quest for the
                  | Orb.
     0 | D:1      | Reached XP level 1. HP: 15/15 MP: 0/0
   230 | D:2      | Found a faded altar of an unknown god.
   359 | D:1      | Reached XP level 2. HP: 13/21 MP: 0/0
   902 | D:1      | Reached XP level 3. HP: 18/25 MP: 0/0
   902 | D:1      | Learned a level 1 spell: Shock
  1653 | D:3      | Noticed an ogre
  1662 | D:3      | Killed an ogre
  1663 | D:3      | Reached skill level 4 in Spellcasting
  1663 | D:3      | Reached XP level 4. HP: 17/31 MP: 0/0
  1663 | D:3      | Reached XP level 5. HP: 19/35 MP: 0/0
  1663 | D:3      | Learned a level 2 spell: Scorch
  1879 | D:3      | Identified the +2 flail "Killer Bee's Curse" {speed, rF-
                  | Str+5}
  2422 | D:3      | Found a hazy altar of Hepliaklqana.
  2423 | D:3      | Found a shimmering altar of Xom.
  2424 | D:3      | Noticed a spectral ugly thing
  2570 | D:3      | Reached XP level 6. HP: 6/41 MP: 0/0
  2684 | D:3      | Reached skill level 1 in Maces & Flails
  3307 | D:3      | Found a runed translucent door.
  3308 | D:3      | Noticed Crazy Yiuf
  3537 | D:4      | Noticed an ogre
  3733 | D:2      | Reached skill level 5 in Spellcasting
  4748 | D:4      | Reached XP level 7. HP: 34/46 MP: 0/0
  4748 | D:4      | Learned a level 3 spell: Vampiric Draining
  4750 | D:4      | Noticed Pikel
  5468 | D:4      | Noticed Grinder
  5893 | D:5      | Entered Level 5 of the Dungeon
  6201 | D:5      | Found the +7 Kryia's mail coat {PotionHeal*2 rC+}
  6364 | D:5      | Reached skill level 6 in Spellcasting
  6559 | D:5      | Reached XP level 8. HP: 18/51 MP: 0/0
  6570 | D:5      | HP: 2/51 [hornet zombie (4)]
  6580 | D:5      | Slain by a hornet zombie

Illustrated notes

Levels and vault maps discovered:
D:1:      minmay_arrival_jagged, layout_loops_ring, minmay_misc_feat_hallway,
          kennysheep_boxes
D:2:      layout_basic, dreamdust_ecumenical_altar_grove
D:3:      layout_loops_ring, regret_index_temple_of_mockery,
          gup_sewer_entry_spiral, hangedman_decor_push, uniq_crazy_yiuf_cottage
D:4:      layout_cave_pods, uniq_grinder, uniq_pikel
D:5:      layout_cave_pods, mainiacjoe_overflow_alcove_4, serial_shops,
          shop_fountains, roderic_roman_lattice

Skill      XL: |  1  2  3  4  5  6  7 |
---------------+----------------------+-----
Stealth        | 2 3 |  3.0
Spellcasting   | 4 5 6 |  6.3
Maces & Flails | 1 |  1.4
Fighting       | |  0.8
Short Blades   | |  0.2
Dodging        | |  2.9

Action                   |  1- 3 |  4- 6 |  7- 9 || total
-------------------------+-------+-------+-------++-------
Melee: Dagger            |    42 |       |       ||    42
       Unarmed           |     1 |       |       ||     1
       Flail             |       |    34 |     5 ||    39
 Cast: Freeze            |    18 |     4 |       ||    22
       Shock             |    13 |    37 |    36 ||    86
       Frozen Ramparts   |     3 |     9 |     5 ||    17
       Scorch            |       |    18 |    13 ||    31
       Hailstorm         |       |       |     1 ||     1
 Stab: Sleeping          |     3 |     3 |       ||     6
Armor: Robe              |     5 |     7 |     2 ||    14
Dodge: Dodged            |    44 |    26 |    12 ||    82
